 Dungeon Crawl Stone Soup version 0.31.0-9-g3a7656b989 (webtiles) character file.

Game seed: 12486557262174663548

20 qw the Shooter (level 2, 0/14 HPs)
             Began as a Spriggan Hunter on Feb 2, 2024.
             Slain by a goblin
             ... wielding a +0 club
              (3 damage)
             ... on level 1 of the Dungeon.
             The game lasted 00:00:03 (378 turns).

qw the Shooter (Spriggan Hunter)                     Turns: 378, Time: 00:00:03

Health: 0/14       AC:  2    Str:  7    XL:     2   Next: 58%
Magic:  3/3        EV: 19    Int: 10    God:
Gold:   14         SH:  0    Dex: 18    Spells: 1/1 levels left

rFire   . . .        a - +0 shortbow
rCold   . . .        (shield currently unavailable)
rNeg    . . .        c - +0 robe
rPois   .            (helmet restricted)
rElec   .            (no cloak)
rCorr   .            (gloves unavailable)
SInv    +            (boots unavailable)
Will    .....        (no amulet)
Stlth   ++           (no ring)
HPRegen 0.22/turn    (no ring)
MPRegen 0.08/turn

%: no passive effects
@: very quick
A: very small, no large weapons, unfitting armour, see invisible, speed 3
a: no special abilities


You were on level 1 of the Dungeon.
You visited 1 branch of the dungeon, and saw 2 of its levels.

You collected 14 gold pieces.


Innate Abilities, Weirdness & Mutations

You are very small and have problems with some larger weapons.
You are too small for most types of armour.
You have supernaturally acute eyesight. (SInv)
You cover ground extremely quickly. (Speed+++)


   Skills:
 - Level 1.5 Fighting
 + Level 4.2 Ranged Weapons
 - Level 4.0 Dodging
 - Level 1.5 Stealth


You had one spell level left.
You didn't know any spells.
Your spell library was empty.

Inventory:

Hand Weapons
 a - a +0 shortbow (weapon)
Armour
 c - a +0 robe (worn)

Dungeon Overview and Level Annotations

Branches:
Dungeon (2/15)

Altars:

Annotations:
D:2 Robin


Message History

You shoot an arrow. The arrow hits the goblin.
You kill the goblin!
Robin throws the goblin at you! The goblin closely misses you.
The goblin hits you with a club.
A goblin comes into view. It is wielding a +0 club.
355 ||| STAIRDANCE The goblin shoots a sling bullet.
The sling bullet hits you. The goblin barely misses you.
You hear a shout!
The goblin shouts!
You climb upwards.
There is a stone staircase leading down here.
You shoot an arrow. The arrow hits the goblin.
You kill the goblin!
You start resting.
HP restored.
You climb downwards.
Level annotation: Robin The goblin shouts!
The goblin barely misses you. The hobgoblin hits you. The goblin misses you.
The goblin closely misses you.
There is a stone staircase leading up here.
374 ||| STAIRDANCE Robin roars a battlecry!
The goblins go into a battle-frenzy!
The goblin hits you with a +0 club. The goblin barely misses you.
The hobgoblin completely misses you. The goblin completely misses you.
You climb upwards.
There is a stone staircase leading down here.
You shoot an arrow. The arrow barely misses the goblin.
The hobgoblin completely misses you. The goblin barely misses you. x3
You shoot an arrow. The arrow hits the goblin.
The goblin is severely wounded.
The goblin misses you. The hobgoblin closely misses you. The goblin misses you.
The goblin hits you with a +0 club.
You shoot an arrow. The arrow barely misses the goblin.
The goblin barely misses you. The hobgoblin hits you.
The goblin hits you with a +0 club. The goblin barely misses you.
The goblin closely misses you. The hobgoblin closely misses you.
The goblin hits you with a +0 club.
You die...

...
#####....##..###
....+............#
....#####....###.#
..........#..# #
#.......##.#
#....)..##....
#.###'####...### #
#.######.gg#
#........g@#
#........g)#
#..........#
#..........#
#..........#
#..........#
#..........#
#..........#
#.#########


You could see a hobgoblin (strong) and 3 goblins.

Vanquished Creatures
  A ribbon worm (D:1)
  2 endoplasms (D:1)
  5 goblins
  A hobgoblin (D:1)
  2 jackals (D:1)
  2 quokkas (D:1)
  A kobold (D:1)
14 creatures vanquished.

Notes
Turn   | Place    | Note
-------+----------+-------------------------------------------
     0 | D:1      | qw the Spriggan Hunter began the quest for the Orb.
     0 | D:1      | Reached XP level 1. HP: 10/10 MP: 2/2
     0 | D:1      | 0 ||| qw: Version: 0.3-a-155-g5e7d8dd
     0 | D:1      | 0 ||| qw: Game counter: 1320
     0 | D:1      | 0 ||| qw: Melee chars always use a shield: true
     0 | D:1      | 0 ||| qw: God list: Okawaru
     0 | D:1      | 0 ||| qw: Allow faded altars: false
     0 | D:1      | 0 ||| qw: Do Orc after clearing Dungeon:15 true
     0 | D:1      | 0 ||| qw: Do second Lair branch before Depths: true
     0 | D:1      | 0 ||| qw: Lair rune preference: random
     0 | D:1      | 0 ||| qw: Goals: Normal
     0 | D:1      | 0 ||| PLANNING D:1-11
    39 | D:1      | Reached skill level 3 in Dodging
   147 | D:1      | Reached XP level 2. HP: 14/14 MP: 3/3
   179 | D:1      | 179 ||| READING scroll labelled DAPOGIBOVAD.
   180 | D:1      | 180 ||| DROPPING scroll of butterflies.
   182 | D:1      | 182 ||| Stepping ~*~*~tactically~*~*~ (cloud).
   278 | D:2      | 278 ||| STAIRDANCE
   298 | D:2      | 298 ||| STAIRDANCE
   353 | D:2      | Noticed Robin
   355 | D:2      | 355 ||| STAIRDANCE
   374 | D:2      | 374 ||| STAIRDANCE
   378 | D:1      | HP: 3/14 [goblin/+0 club[Robin] (2)]
   378 | D:1      | Slain by a goblin

Levels and vault maps discovered:
D:1:      sevenhm_arrival_forest_fort_large_4, layout_basic,
          reono_crystal_passage, st_stairs_10, chequers_serial_rivers_micro_b
D:2:      layout_basic, dk_noncrumbling_4, uniq_robin, uniq_jessica

Skill      XL: |  1  2 |
---------------+-------+-----
Dodging        | 3 4 |  4.0
Fighting       | |  1.5
Ranged Weapons | |  4.2
Stealth        | |  1.5

Action                     || total
---------------------------++-------
   Fire: Shortbow          ||    48
    Use: Scroll            ||     1
 Armour: Robe              ||    13
  Dodge: Dodged            ||    32

Table legend:
 A = Non-vault XP
 B = Vault XP
 C = Vault XP percentage of total XP
 D = Non-vault monster count
 E = Vault monster count
 F = Vault count percentage of total count
                 A         B        C        D         E       F
            +---------+---------+-------+---------+---------+-------
      Total |      25 |       4 |  13.8 |      12 |       2 |  14.3
            +---------+---------+-------+---------+---------+-------
        D:1 |      23 |       2 |   8.0 |      11 |       1 |   8.3
        D:2 |       2 |       2 |  50.0 |       1 |       1 |  50.0
            +---------+---------+-------+---------+---------+-------
